 Dungeon Crawl Stone Soup version 0.22-a0-247-gbddf880 (webtiles) character file.

732 Azzok the Fighter (level 7, 0/52 HPs)
             Began as a Gargoyle Berserker on Feb 26, 2018.
             Was a Believer of Trog.
             Slain by a gnoll sergeant
             ... wielding a +0 vampiric spear
              (5 damage)
             ... on level 4 of the Dungeon.
             The game lasted 00:06:30 (2793 turns).

Azzok the Fighter (Gargoyle Berserker)              Turns: 2793, Time: 00:06:31

Health: 0/52       AC:  6    Str: 21    XL:     7   Next: 73%
Magic:  7/7        EV: 12    Int:  9    God:    Trog [**....]
Gold:   211        SH:  0    Dex:  9    Spells: 6/6 levels left

rFire    . . .     SeeInvis .   s - +1 mace (crush)
rCold    . . .     Gourm    .   (no shield)
rNeg     + . .     Faith    .   b - +0 animal skin
rPois    ∞         Spirit   .   (no helmet)
rElec    +         Reflect  .   (no cloak)
rCorr    .         Harm     .   (no gloves)
MR       .....                  (no boots)
Stlth    +.........             (no amulet)
HPRegen  0.17/turn              (no ring)
MPRegen  0.10/turn              (no ring)

@: berserk cooldown, slowed, very slow
A: negative energy resistance 1, electricity resistance, unbreathing,
petrification resistance, rot immunity, AC +4
a: Berserk, Trog's Hand, Renounce Religion


You were on level 4 of the Dungeon.
You worshipped Trog.
Trog was pleased with you.
You were not hungry.

You visited 1 branch of the dungeon, and saw 4 of its levels.

You collected 211 gold pieces.

Inventory:

Hand Weapons
 s - a +1 mace of crushing (weapon)
Missiles
 j - 67 arrows
Armour
 b - a +0 animal skin (worn)
Jewellery
 t - an uncursed ring of magical power {unknown}
 v - a cursed amulet of inaccuracy {unknown}
Wands
 a - a wand of enslavement (6)
Scrolls
 d - a scroll of fear {unknown}
 e - 3 scrolls of identify {unknown}
 f - 2 scrolls of remove curse {unknown}
 i - a scroll of immolation {unknown}
 l - a scroll of amnesia {unknown}
 m - 3 scrolls of teleportation {unknown}
 n - 5 scrolls of magic mapping {unknown}
 o - 2 scrolls of enchant armour {unknown}
Potions
 g - a potion of agility {unknown}
 h - a potion of brilliance {unknown}
 k - 5 potions of curing {unknown}
 p - 2 potions of flight {unknown}
 q - a potion of heal wounds {unknown}
 r - a potion of lignification {unknown}
 u - a potion of cancellation {unknown}
Comestibles
 c - 9 rations
 w - 3 chunks of flesh


   Skills:
 + Level 9.7 Fighting
   Level 2.6 Long Blades
 - Level 2.1 Armour
 - Level 1.5 Dodging


You had 6 spell levels left.
You didn't know any spells.

Dungeon Overview and Level Annotations

Branches:
Dungeon (4/15)
 Temple: D:4-7

Altars:


Innate Abilities, Weirdness & Mutations

You are resistant to torment.
Your stone body is resilient. (AC +4)
You are immune to poison.
You resist negative energy. (rN+)
You are resistant to electric shocks. (rElec)
You can survive without breathing.
You are immune to petrification.
You are immune to rotting.


Message History

The gnoll closely misses you. The gnoll sergeant barely misses you.
The gnoll barely misses you.
The gnoll sergeant hits you with a vampiric spear.
* * * LOW HITPOINT WARNING * * *
You sock the gnoll sergeant!
The gnoll sergeant is severely wounded.
The gnoll hits you but does no damage.
The gnoll sergeant hits you with a vampiric spear.
* * * LOW HITPOINT WARNING * * *
The gnoll hits you but does no damage.
The gnoll sergeant hits you but does no damage.
A gnoll comes into view.
The gnoll shouts!
You hit the gnoll sergeant.
The gnoll sergeant is severely wounded.
The gnoll sergeant hits you with a vampiric spear.
* * * LOW HITPOINT WARNING * * *
The gnoll closely misses you.
The gnoll sergeant hits you with a vampiric spear.
You die...

▒· ···▒ ▒··▒ ▒··▒
▒▒▒ ▒··▒▒ ···
▒··g▒▒ ▒·▒
▒····▒▒▒▒·▒ ·▒
▒···gg@(··▒
··▒▒▒▒▒▒····g▒▒··▒
·········▒▒▒▒▒▒▒·▒
·········▒▒ ▒·▒
·············▒ ·▒
·············▒▒ ▒·
··············▒ ·▒
▒·············▒▒
▒▒
▒··············▒▒·


You could see a gnoll sergeant and 3 gnolls.

Vanquished Creatures
  Grinder (D:3)
  The ghost of Syneil the Covered, an amateur GnWn (D:3)
  An ogre (D:3)
  A scorpion (D:4)
  An iguana (D:4)
  Ijyb (D:4)
  5 gnolls
  3 adders
  An ooze (D:1)
  2 worms (D:3)
  4 dart slugs
  4 leopard geckos
  2 orcs (D:3)
  A ball python (D:1)
  3 bats
  4 giant cockroaches
  9 hobgoblins
  9 jackals (D:3)
  3 frilled lizards
  4 goblins
  5 kobolds (D:1)
  6 rats
71 creatures vanquished.

Notes
Turn   | Place    | Note
-------+----------+-------------------------------------------
     0 | D:1      | Azzok the Gargoyle Berserker began the quest for the Orb.
     0 | D:1      | Reached XP level 1. HP: 14/14 MP: 1/1
    84 | D:1      | Reached XP level 2. HP: 12/20 MP: 2/2
    85 | D:1      | Reached skill level 4 in Fighting
   698 | D:1      | Reached XP level 3. HP: 21/24 MP: 3/3
  1055 | D:2      | Reached ** piety under Trog
  1294 | D:2      | Reached skill level 5 in Fighting
  1608 | D:2      | Reached XP level 4. HP: 21/31 MP: 4/4
  1856 | D:2      | You fall through a shaft!
  1994 | D:3      | Reached skill level 6 in Fighting
  2016 | D:3      | Reached XP level 5. HP: 33/36 MP: 5/5
  2068 | D:3      | Noticed an ogre
  2083 | D:3      | Killed an ogre
  2083 | D:3      | Reached skill level 7 in Fighting
  2386 | D:3      | Reached XP level 6. HP: 43/44 MP: 6/6
  2429 | D:3      | Noticed Grinder
  2454 | D:3      | Killed Grinder
  2454 | D:3      | Reached skill level 8 in Fighting
  2620 | D:3      | Noticed Syneil's ghost (amateur GnWn)
  2633 | D:3      | Killed Syneil's ghost
  2633 | D:3      | Reached skill level 9 in Fighting
  2633 | D:3      | Reached XP level 7. HP: 51/51 MP: 7/7
  2696 | D:4      | Got a pitted mace
  2697 | D:4      | Identified the +3 mace of the Unkillable {pain, rN+} (You found it on level 4 of the Dungeon)
  2721 | D:4      | Noticed Ijyb
  2742 | D:4      | Killed Ijyb
  2793 | D:4      | Slain by a gnoll sergeant

Vault maps used:
D:1:      mrwooster_arrival_arrow
D:2:      first_ration
D:3:      uniq_grinder
D:4:      serial_glass, glass_columns_c, glass_columns_b, feat_on_display,
          item_on_display_a, uniq_ijyb, uniq_duvessa

Skill      XL: |  1  2  3  4  5  6 |
---------------+-------------------+-----
Fighting       | 4 5 6 7 9 |  9.7
Long Blades    | |  2.6
Armour         | |  2.1
Dodging        | |  1.5

Action                   |  1- 3 |  4- 6 |  7- 9 || total
-------------------------+-------+-------+-------++-------
Melee: Falchion          |    79 |       |       ||    79
       Mace              |     8 |   100 |    39 ||   147
Invok: Berserk           |     1 |     2 |     1 ||     4
       Trog's Hand       |       |     1 |       ||     1
  Eat: Chunk             |     2 |     5 |       ||     7
       Ration            |       |       |     1 ||     1
Armor: Animal skin       |    30 |    42 |    24 ||    96
Dodge: Dodged            |    68 |    75 |    22 ||   165
       Rpst.: Falchion   |    24 |       |       ||    24

Table legend:
 A = Spawn XP
 B = Non-spawn XP
 C = Spawn XP percentage of total XP
 D = Spawn monster count
 E = Non-spawn monster count
 F = Spawn count percentage of total count
 G = Total turns spent on level
                    A         B        C        D         E        F      G
               +---------+---------+-------+---------+---------+-------+---------
         Total |       0 |    1047 |   0.0 |       0 |      71 |   0.0 |  2793
               +---------+---------+-------+---------+---------+-------+---------
           D:1 |       0 |      46 |   0.0 |       0 |      22 |   0.0 |  1032
           D:2 |       0 |      72 |   0.0 |       0 |      13 |   0.0 |   824
           D:3 |       0 |     758 |   0.0 |       0 |      30 |   0.0 |   830
           D:4 |       0 |     171 |   0.0 |       0 |       6 |   0.0 |   107
               +---------+---------+-------+---------+---------+-------+---------
